 Dungeon Crawl Stone Soup version 0.31-a0-18-gea43df2 (webtiles) character file.

Game seed: 12802252788603139427

3321 Nithhogg the Cleaver (level 10, 0/204 HPs)
             Began as a Hill Orc Fighter on May 8, 2023.
             Was a Follower of the Shining One.
             Succumbed to an orange demon's poison
             ... on level 8 of the Dungeon on May 9, 2023.
             The game lasted 00:15:36 (7825 turns).

Nithhogg the Cleaver (Hill Orc Fighter)             Turns: 7825, Time: 00:15:36

Health: 0/204      AC: 29    Str: 24    XL:     10   Next: 2%
Magic:  16/16      EV:  2    Int:  8    God:    the Shining One [*.....]
Gold:   340        SH:  5    Dex: 16    Spells: 9/9 levels left

rFire   . . .        k - +4 battleaxe
rCold   . . .        (shield currently unavailable)
rNeg    . . .        b - melded +0 scale mail
rPois   +            (helmet currently unavailable)
rElec   .            (cloak currently unavailable)
rCorr   +            (gloves currently unavailable)
SInv    .            (boots currently unavailable)
Will    .....        n - amulet of reflection Stlth
                     y - ring "Plog" {rCorr AC+4}
HPRegen 0.54/turn    u - +6 ring of dexterity
MPRegen 0.15/turn

%: reflection
@: berserking, lethally poisoned (0 -> -15), tree-form, glowing, very quick
A: stationary, stasis, torment immunity, boosted hp
a: Renounce Religion, Divine Shield


You were on level 8 of the Dungeon.
You worshipped the Shining One.
The Shining One was aware of your devotion.
You were a tree.
You visited 2 branches of the dungeon, and saw 9 of its levels.

You collected 340 gold pieces.

Inventory:

Hand Weapons
 a - a +0 spectral war axe
 g - a +0 mace of holy wrath
 k - a +4 battleaxe (weapon)
 w - a +2 flail of venom
Missiles
 v - a throwing net (quivered)
 E - 5 poisoned darts
Armour
 b - a +0 scale mail (melded)
 c - a +0 buckler
Jewellery
 d - a ring of ice
 h - an amulet of guardian spirit
 j - a ring of ice
 n - an amulet of reflection (around neck)
 o - a ring of see invisible
 r - a ring of flight
 s - a +6 ring of intelligence
 u - a +6 ring of dexterity (right branch)
 x - a ring of protection from fire
 y - the ring "Plog" (left branch) {rCorr AC+4}
   (You found it on level 5 of the Dungeon)

   [ring of protection]

   AC:        It affects your AC (+4).
   rCorr:     It protects you from acid and corrosion.
Wands
 t - a wand of paralysis (17)
 C - a wand of polymorph (9)
Scrolls
 e - 2 scrolls of immolation
 f - 4 scrolls of poison
 i - 2 scrolls of teleportation
 l - 11 scrolls of identify
 m - 2 scrolls of fog
 p - 2 scrolls of magic mapping
Potions
 q - a potion of might
 z - a potion of flight
 D - a potion of cancellation {unknown}


   Skills:
 + Level 9.1 Fighting
 + Level 9.4 Axes
 + Level 8.2 Armour
 - Level 3.2 Shields
 + Level 8.9 Invocations


You had 9 spell levels left.
You didn't know any spells.
Your spell library contained the following spells:

 Spells                   Type           Power      Damage    Failure   Level
 Magic Dart               Conj           0%         1d3       41%         1
 Sandblast                Erth           0%         2d4       41%         1
 Call Imp                 Summ           0%         N/A       54%         2
 Passwall                 Tmut/Erth      0%         N/A       54%         2
 Mephitic Cloud           Conj/Pois/Air  0%         N/A       78%         3
 Stone Arrow              Conj/Erth      0%         3d7       78%         3


Dungeon Overview and Level Annotations

Branches:
Dungeon (8/15)             Temple (1/1) D:5
   Lair: D:8-11

Altars:
Ashenzari
Cheibriados
Dithmenos
Elyvilon
Fedhas
Gozag
Kikubaaqudgha
Makhleb
Nemelex Xobeh
Okawaru
Qazlal
Ru
Sif Muna
Trog
Vehumet
Wu Jian
Xom
Yredelemnul
The Shining One
Beogh

Shops:
D:3 *((   D:4 (


Message History

Your Axes skill increases to level 9!
Your Armour skill increases to level 8!
You feel very sick.
The yak is engulfed in poison gas.
The yak looks as sick as possible!
You feel very sick.
The yak is engulfed in poison gas.
The yak looks as sick as possible!
You kill the yak!
You have reached level 10!
You feel stronger.
You feel sick.
You feel sick.
The orange demon no longer looks unusually toxic.
You feel sick.
You feel sick.
As you read the scroll of teleportation, it crumbles to dust.
You feel strangely unstable.
You feel sick.
A yak comes into view.
You feel sick. The orange demon stings you from afar.
You are more poisoned.
The orange demon poisons you!
You feel very sick. The orange demon stings you from afar!
* * * LOW HITPOINT WARNING * * *
You feel very sick. The orange demon stings you from afar.
* * * LOW HITPOINT WARNING * * *
You are lethally poisoned!
The orange demon poisons you!
Your surroundings suddenly seem different.
Found a stone staircase leading up.
* * * LOW HITPOINT WARNING * * *
You feel extremely sick.
It was a potion of lignification.
You turn into a tree.
Your +0 scale mail melds into your body.
Your roots penetrate the ground.
* * * LOW HITPOINT WARNING * * *
You feel very sick.
It was a potion of berserk rage.
A red film seems to cover your vision as you go berserk!
You feel yourself moving faster!
You feel mighty!
You die...

.# .# .# .# .#
.#####.
########.......
...<...♣.......
#####.##.######
# .# .. ###


There were no monsters in sight!

Vanquished Creatures
  Amaemon (D:8)
  Maggie (D:8)
  Sigmund (D:2)
  2 yaks (D:8)
  A sky beast (D:6)
  A black bear (D:6)
  2 ice beasts (D:7)
  An ogre (D:3)
  2 centaurs
  A bullfrog (D:6)
  3 scorpions
  6 wights
  A howler monkey (D:6)
  7 electric eels (D:6)
  A gnoll bouda (D:6)
  2 hounds
  4 orc priests
  A sleepcap (D:7)
  An iguana (D:6)
  Jessica (D:3)
  Natasha (thrice) (D:2)
  Terence (D:2)
  Robin (D:3)
  5 adders
  6 gnolls
  A shadow imp (D:6)
  A worm (D:5)
  A dart slug (D:1)
  14 orcs
  3 endoplasms
  13 goblins
  9 hobgoblins
  6 jackals
  2 quokkas (D:1)
  4 ball pythons
  6 bats
  3 frilled lizards
  9 kobolds
  3 rats
131 creatures vanquished.

Notes
Turn   | Place    | Note
-------+----------+-------------------------------------------
     0 | D:1      | Nithhogg the Hill Orc Fighter began the quest for the Orb.
     0 | D:1      | Reached XP level 1. HP: 19/19 MP: 1/1
   299 | D:1      | Reached XP level 2. HP: 19/27 MP: 2/2
   410 | D:1      | Reached skill level 1 in Invocations
  1061 | D:2      | Noticed Terence
  1066 | D:2      | Reached XP level 3. HP: 30/33 MP: 4/4
  1078 | D:2      | Killed Terence
  1082 | D:2      | Reached XP level 4. HP: 11/40 MP: 3/5
  1283 | D:2      | Noticed Sigmund
  1325 | D:2      | HP: 1/41 [something/magic dart (7)]
  1552 | D:2      | Killed Sigmund
  1553 | D:2      | Reached skill level 5 in Fighting
  1553 | D:2      | Reached XP level 5. HP: 18/48 MP: 5/7
  1553 | D:2      | Reached XP level 6. HP: 21/56 MP: 5/8
  1720 | D:2      | Noticed Natasha
  1728 | D:2      | Killed Natasha
  1792 | D:2      | Noticed Natasha
  1797 | D:2      | Killed Natasha
  1842 | D:2      | Noticed Natasha
  1848 | D:2      | Killed Natasha
  2142 | D:3      | Noticed Jessica
  2146 | D:3      | Killed Jessica
  2147 | D:3      | Reached skill level 5 in Axes
  2229 | D:3      | Reached skill level 5 in Armour
  2229 | D:3      | Reached XP level 7. HP: 31/61 MP: 10/10
  2369 | D:3      | Noticed Robin
  2388 | D:3      | Killed Robin
  2454 | D:3      | Found Pofu's Weapon Emporium.
  2494 | D:3      | Found Wonnuodi's Weapon Shoppe.
  2864 | D:3      | Found Qamiclog's Assorted Antiques.
  3049 | D:4      | Found Ysefiygg's Antique Weapon Shop.
  3525 | D:5      | Entered Level 5 of the Dungeon
  3751 | D:5      | Found a stormy altar of Qazlal.
  4098 | D:5      | Identified the ring "Plog" {rCorr AC+4}
  4333 | D:5      | Found a staircase to the Ecumenical Temple.
  4431 | Temple   | Entered the Ecumenical Temple
  4489 | Temple   | Became a worshipper of the Shining One
  4743 | D:6      | Reached skill level 5 in Invocations
  4857 | D:6      | Reached XP level 8. HP: 70/71 MP: 12/12
  5278 | D:7      | Reached * piety under the Shining One
  5652 | D:6      | Found a broken altar of Ashenzari.
  6137 | D:6      | HP: 3/73 [electric eel/bolt of electricity (8)]
  6881 | D:7      | Reached XP level 9. HP: 72/79 MP: 14/14
  7511 | D:7      | Found a roughly hewn altar of Beogh.
  7664 | D:8      | Noticed Maggie
  7673 | D:8      | Killed Maggie
  7798 | D:8      | Noticed Amaemon
  7798 | D:8      | Noticed an orange demon
  7812 | D:8      | Killed Amaemon
  7815 | D:8      | Reached XP level 10. HP: 40/91 MP: 16/16
  7824 | D:8      | HP: 2/136 [poisoned by an orange demon]
  7825 | D:8      | Succumbed to an orange demon's poison

Illustrated notes

Levels and vault maps discovered:
D:1:      matt_arrival_los_fun, layout_basic, serial_forest,
          infiniplex_forest_side_room, infiniplex_forest_clump_long,
          infiniplex_forest_clump_C, infiniplex_forest_straight_3,
          infiniplex_forest_lined_1, infiniplex_forest_straight_2,
          infiniplex_forest_clump_curved
D:2:      layout_basic, uniq_sigmund, uniq_terence, uniq_natasha
D:3:      layout_basic, serial_shops, nicolae_shop_bloodbath_and_beyond,
          nicolae_lakefront_shop, shop, hangedman_abyss_or_decor_lesser_grid,
          kennysheep_generic_room_2, uniq_robin, uniq_jessica
D:4:      layout_cave_pools, serial_shops, shop
D:5:      layout_layer_cave, lemuel_crystal_altar,
          minmay_temple_entry_nine_rooms
D:6:      layout_gridville, lemuel_tele_altar, serial_bayou,
          serial_bayou_lagoon_b, serial_bayou_pond_a, serial_bayou_shore_a,
          serial_bayou_lake_a, grunt_ministairs_7
D:7:      layout_basic, hangedman_decor_points, david_defended_altar_orc
D:8:      layout_loops_ring, enter_bailey_2, uniq_maggie, uniq_amaemon,
          uniq_grum
Temple:   nicolae_temple_bog_church

Skill      XL: |  1  2  3  4  5  6  7  8  9 |
---------------+----------------------------+-----
Axes           | 3 4 5 6 7 9 |  9.4
Invocations    | 1 2 3 4 5 7 8 |  8.9
Fighting       | 4 5 6 7 9 |  9.1
Armour         | 4 5 6 8 |  8.2
Shields        | |  3.2

Action                     |  1- 3 |  4- 6 |  7- 9 | 10-12 || total
---------------------------+-------+-------+-------+-------++-------
  Melee: War axe           |    62 |    79 |    44 |       ||   185
         Punch             |     2 |     1 |     2 |       ||     5
         Flail             |       |       |   168 |       ||   168
         Battleaxe         |       |       |    33 |       ||    33
    Use: Potion            |     1 |     3 |     4 |     2 ||    10
         Scroll            |       |     6 |     6 |     1 ||    13
 Armour: Scale mail        |    41 |    42 |   114 |       ||   197
  Dodge: Dodged            |    44 |    28 |   119 |       ||   191
  Block: Other             |       |    11 |    77 |       ||    88

Table legend: (Time is in decaauts)
 A = Elapsed time spent in this place.
 B = Non-inter-level travel time spent in this place.
 C = Inter-level travel time spent in this place.
 D = Time resting spent in this place.
 E = Time spent auto-exploring this place.
 F = Levels seen in this place.
 G = Mean time per level.
                   A        B        C        D        E       F      G
               +--------+--------+--------+--------+--------+-----+--------+
         Total |   7970 |   7812 |    158 |    625 |   5944 |   9 |  885.6 |
       Dungeon |   7894 |   7752 |    142 |    625 |   5897 |   8 |  986.8 |
        Temple |     75 |     60 |     15 |      0 |     47 |   1 |   75.0 |
               +--------+--------+--------+--------+--------+-----+--------+

Top non-repeatable levels by time:
     D:6: 2171 daAuts
     D:5: 1142 daAuts
     D:3: 1015 daAuts
     D:1: 1014 daAuts
     D:2: 972 daAuts
     D:7: 788 daAuts
     D:4: 574 daAuts
     D:8: 215 daAuts
  Temple: 75 daAuts
